 Dungeon Crawl Stone Soup version 0.21-a0-401-g0b6bec4 (webtiles) character file.

20685 pkoi the Arsonist (level 12, 0/90 HPs)
             Began as a Pale Draconian Fire Elementalist on Oct 24, 2017.
             Was a Priest of Vehumet.
             Slain by a spiny frog (20 damage)
             ... on level 4 of the Lair of Beasts.
             The game lasted 00:35:07 (22997 turns).

pkoi the Arsonist (DrFE)                           Turns: 22997, Time: 00:35:07

Health: 0/90       AC: 10    Str: 14    XL:     12   Next: 47%
Magic:  10/17      EV: 17    Int: 23    God:    Vehumet [***...]
Gold:   955        SH:  4    Dex: 15    Spells: 5/18 levels left

rFire    + . .     SeeInvis .   k - +9 mace of the Vulture {crush, rF+ rC+ Str+4 Int+3}
rCold    + + .     Gourm    .   (no shield)
rNeg     . . .     Faith    .   (armour unavailable)
rPois    .         Spirit   .   (helmet restricted)
rElec    .         Reflect  +   (no cloak)
rCorr    .         Harm     .   q - +0 pair of gloves
MR       .....                  p - +0 pair of boots
Stlth    ++........             w - +4 amulet of reflection
HPRegen  0.25/turn              j - ring of protection from cold
MPRegen  0.15/turn              h - ring of wizardry

@: lethally poisoned (0 -> 0)
A: breathe steam, unfitting armour, agile 1, frail 1, cold-blooded, AC +8
a: Breathe Steam, Renounce Religion


You were on level 4 of the Lair of Beasts.
You worshipped Vehumet.
Vehumet was most pleased with you.
You were not hungry.

You visited 3 branches of the dungeon, and saw 15 of its levels.
You also visited: Ice Cave.

You collected 955 gold pieces.

Inventory:

Hand Weapons
 k - the +9 mace of the Vulture (weapon) {crush, rF+ rC+ Str+4 Int+3}
   (You found it on level 1 of the Lair of Beasts)

   It inflicts extra damage upon your enemies.
   It affects your strength (+4).
   It affects your intelligence (+3).
   It protects you from fire.
   It protects you from cold.
 z - a +0 great sword
Armour
 p - a +0 pair of boots (worn)
 q - a +0 pair of gloves (worn)
Jewellery
 h - a ring of wizardry (right hand)
 j - a ring of protection from cold (left hand)
 w - a +4 amulet of reflection (around neck)
Wands
 t - a wand of scattershot (5/9)
 x - a wand of iceblast (4/15)
 y - a wand of disintegration (16/24)
Scrolls
 a - a scroll of enchant weapon
 d - 9 scrolls of remove curse
 e - 15 scrolls of identify
 g - 10 scrolls of teleportation
 u - 4 scrolls of magic mapping
 v - 2 scrolls of blinking
 B - a scroll of amnesia
 C - a scroll of fear
Potions
 f - 2 potions of agility
 i - a potion of lignification
 l - 3 potions of cancellation
 m - 4 potions of brilliance
 r - 2 potions of heal wounds
 s - 3 potions of haste
 A - a potion of might
 D - a potion of curing
 E - a potion of flight
Books
 n - a Young Poisoner's Handbook

   Spells                             Type                      Level
   a - Sting                          Conjuration/Poison           1
   b - Poisonous Vapours              Poison/Air                   2
   c - Mephitic Cloud                 Conjuration/Poison/Air       3
   d - Olgreb's Toxic Radiance        Poison                       4
   e - Venom Bolt                     Conjuration/Poison           5
Comestibles
 b - 11 bread rations
 c - 5 meat rations
 o - 5 chunks of flesh


   Skills:
 - Level 8.0 Fighting
 - Level 7.3 Long Blades
 + Level 7.7 Dodging
 - Level 1.7 Stealth
 + Level 3.5 Spellcasting
 + Level 11.3 Conjurations
 + Level 12.5 Fire Magic


You had 5 spell levels left.
You knew the following spells:

 Your Spells              Type           Power        Failure   Level  Hunger
a - Magic Dart            Conj           ####         1%          1    None
b - Conjure Flame         Conj/Fire      ######..     1%          3    ###....
c - Sticky Flame          Conj/Fire      ######..     1%          4    ####...
d - Fireball              Conj/Fire      ######....   1%          5    ######.


Dungeon Overview and Level Annotations

Branches:
Dungeon (10/15)            Temple (1/1) D:5            Lair (4/6) D:10
  Swamp (0/4) Lair:2       Spider (0/4) Lair:2
    Orc: D:9-12

Altars:
Ashenzari
Cheibriados
Dithmenos
Elyvilon
Fedhas
Gozag
Hepliaklqana
Kikubaaqudgha
Makhleb
Nemelex Xobeh
Okawaru
Qazlal
Ru
Sif Muna
Trog
Uskayaw
Vehumet
Wu Jian
Xom
Yredelemnul
Zin
The Shining One

Shops:
D:5 :

Annotations:
D:2 exclusion: oklob plant
D:8 ProzacElf's ghost, novice GnVM
Lair:4 exclusion: oklob plant


Innate Abilities, Weirdness & Mutations

You can breathe blasts of scalding, opaque steam.
Your pale cyan-grey scales are hard. (AC +8)
You cannot fit into any form of body armour.
You are cold-blooded and may be slowed by cold attacks.
You are agile. (Dex +2)
You are frail. (-10% HP)


Message History

Aiming: Sticky Flame
Press: ? - help, Shift-Dir - straight line, f - spiny frog
Aim: a spiny frog (flame)
The sticky flame hits the spiny frog.
The spiny frog is lightly wounded.
The spiny frog is covered in liquid flames!
The spiny frog burns!
The black mamba bites the plant.
The spiny frog is engulfed in blazing flames.
The spiny frog barely misses you.
The black mamba bites the plant but does no damage.
You hit the spiny frog.
The spiny frog is heavily wounded.
You feel sick.
The spiny frog burns!
The black mamba bites the plant but does no damage.
The spiny frog is engulfed in blazing flames.
You block the spiny frog's attack.
The black mamba bites the plant!
The plant looks as sick as possible!
The black mamba poisons the plant!
The spiny frog is engulfed in blazing flames.
The spiny frog stings you!!
You die...

.. .. . #. # >. . #..#.#.###.#.#
#.#..(.......#......
#....#.P..#....... .## #.#
..##.)..#.†.# ... #.. .....#..#.#
..# ..#####.....##.## ##.#
....##.#.#...#.P## ##..#
.P..P..#..P.#.SF@# #####...###
.............#.### #P..P.....##
.....#..###.#..#######..........#
<......P###.#....##.......##...#.
#.....####.............#..##.....
##.....####.#####..P..).#........
##.........# #.#.........#....
##.###.#..# ####...#..#....#. #.#
####.### #..##.†#....#.


You could see a black mamba and a spiny frog (burning).

Vanquished Creatures
  Harold (Lair:1)
  2 hydras
  2 two-headed ogres
  Pikel (D:6)
  A black mamba (Lair:1)
  3 komodo dragons
  8 spiny frogs
  An ice devil (IceCv)
  8 jumping spiders
  Prince Ribbit (D:5)
  6 hippogriffs
  3 blink frogs (Lair:1)
  3 redbacks (Lair:2)
  3 wyverns
  2 basilisks
  A hungry ghost (D:9)
  4 yaks
  Menkaure (D:6)
  7 water moccasins
  9 ice beasts
  8 porcupines
  3 sky beasts
  3 orc warriors
  A phantom (D:5)
  13 wolves
  A necrophage (D:10)
  2 ogres
  5 centaurs
  3 crocodiles
  4 big kobolds
  The ghost of johnl023 the Caller, an amateur DESu (D:4)
  9 bullfrogs
  A water moccasin skeleton (D:8)
  4 scorpions
  7 killer bees
  A howler monkey (D:3)
  An electric eel (Lair:3)
  A crimson imp (D:8)
  A quasit (D:5)
  A jelly (D:9)
  10 orc priests
  11 orc wizards
  A bullfrog skeleton (D:9)
  5 hounds
  A centaur skeleton (D:6)
  2 iguanas
  8 worker ants
  A killer bee zombie (D:7)
  A hound zombie (D:5)
  A hound skeleton (D:9)
  A worker ant zombie (D:5)
  2 gnolls (D:3)
  2 howler monkey skeletons
  6 adders
  2 shadow imps
  An ooze (D:4)
  An adder zombie (D:5)
  5 worms
  3 dart slugs
  7 leopard geckos
  45 orcs
  4 giant cockroaches
  5 goblins
  8 hobgoblins
  12 jackals
  2 quokkas
  A ball python skeleton (D:4)
  7 bats
  3 frilled lizards
  A jackal skeleton (D:9)
  51 kobolds
  A leopard gecko skeleton (D:4)
  6 rats
  A butterfly (Lair:1)
  A fungus (Lair:2)
356 creatures vanquished.

Vanquished Creatures (others)
  3 slaves (D:6)
  An orc wizard (D:6)
  An adder (D:6)
  A leopard gecko (D:6)
  7 orcs (D:6)
  2 fungi (Lair:2)
  2 plants (Lair:2)
  15 toadstools (D:2)
32 creatures vanquished.

Grand Total: 388 creatures vanquished

Notes
Turn   | Place    | Note
-------+----------+-------------------------------------------
     0 | D:1      | pkoi the Draconian Fire Elementalist began the quest for the Orb.
     0 | D:1      | Reached XP level 1. HP: 14/14 MP: 3/3
   390 | D:1      | Reached XP level 2. HP: 20/20 MP: 3/5
  1182 | D:1      | Reached XP level 3. HP: 23/26 MP: 2/6
  1515 | D:2      | Learned a level 3 spell: Conjure Flame
  1774 | D:2      | Reached skill level 4 in Fire Magic
  1823 | D:2      | Found a snail-covered altar of Cheibriados.
  1874 | D:2      | Reached XP level 4. HP: 33/33 MP: 1/7
  1973 | D:2      | Found a blossoming altar of Fedhas.
  2172 | D:2      | Noticed an oklob plant
  2290 | D:3      | Found a shattered altar of Ashenzari.
  2538 | D:3      | Reached XP level 5. HP: 38/38 MP: 3/8
  3271 | D:3      | Noticed an ice beast
  3318 | D:3      | Killed an ice beast
  3318 | D:3      | Reached skill level 5 in Fire Magic
  3390 | D:3      | Learned a level 4 spell: Sticky Flame
  3548 | D:2      | Reached XP level 6. HP: 33/45 MP: 0/9
  3891 | D:3      | Reached skill level 5 in Conjurations
  4020 | D:3      | Reached skill level 6 in Fire Magic
  4020 | D:3      | Your scales start taking on a pale cyan-grey colour.
  4020 | D:3      | Reached XP level 7. HP: 43/50 MP: 1/10
  4723 | D:3      | Reached skill level 7 in Fire Magic
  5075 | D:4      | Noticed johnl023's ghost (amateur DESu)
  5232 | D:4      | Killed johnl023's ghost
  5443 | D:5      | Entered Level 5 of the Dungeon
  5734 | D:5      | Noticed Prince Ribbit
  5762 | D:5      | Reached skill level 8 in Fire Magic
  5762 | D:5      | Reached XP level 8. HP: 26/57 MP: 3/11
  5976 | D:5      | Killed Prince Ribbit
  6483 | D:5      | Found Xisk's Book Boutique.
  6779 | D:5      | Found a staircase to the Ecumenical Temple.
  6796 | Temple   | Entered the Ecumenical Temple
  6945 | Temple   | Became a worshipper of Vehumet
  7050 | D:5      | Reached skill level 9 in Fire Magic
  7359 | D:6      | Reached skill level 1 in Fighting
  7409 | D:6      | Noticed Pikel
  7415 | D:6      | Killed Pikel
  7415 | D:6      | Reached skill level 1 in Long Blades
  7415 | D:6      | Reached XP level 9. HP: 40/67 MP: 7/12
  8015 | D:6      | Noticed Menkaure
  8019 | D:6      | Killed Menkaure
  8296 | D:6      | Reached * piety under Vehumet
  8296 | D:6      | Offered knowledge of Magic Dart by Vehumet.
  8299 | D:6      | Learned a level 1 spell: Magic Dart
  8482 | D:7      | Found a deep blue altar of Sif Muna.
  8566 | D:7      | Reached skill level 10 in Fire Magic
 10256 | D:8      | Reached XP level 10. HP: 71/78 MP: 8/13
 10498 | D:8      | Noticed a two-headed ogre
 10512 | D:8      | Killed a two-headed ogre
 10546 | D:8      | Noticed ProzacElf's ghost (novice GnVM)
 12268 | D:9      | Reached skill level 5 in Fighting
 12470 | D:9      | Found a stormy altar of Qazlal.
 12470 | D:9      | Found a glowing golden altar of the Shining One.
 12947 | D:9      | Noticed a two-headed ogre
 13239 | D:9      | Killed a two-headed ogre
 13239 | D:9      | Reached skill level 5 in Long Blades
 13239 | D:9      | Reached skill level 5 in Dodging
 13803 | D:9      | Reached ** piety under Vehumet
 14227 | D:10     | Entered Level 10 of the Dungeon
 14251 | D:10     | Learned a level 5 spell: Fireball
 14252 | D:10     | Found a staircase to the Lair.
 14271 | D:9      | Reached skill level 11 in Fire Magic
 14637 | D:10     | Offered knowledge of Freeze by Vehumet.
 15195 | Lair:1   | Entered Level 1 of the Lair of Beasts
 15199 | Lair:1   | Noticed Harold
 15210 | Lair:1   | Reached XP level 11. HP: 25/89 MP: 11/14
 15217 | Lair:1   | Killed Harold
 15217 | Lair:1   | Reached skill level 10 in Conjurations
 16030 | Lair:1   | Got a shimmering mace
 16031 | Lair:1   | Identified the +9 mace of the Vulture {crush, rF+ rC+ Str+4 Int+3} (You found it on level 1 of the Lair of Beasts)
 16373 | Lair:1   | Noticed a six-headed hydra
 16398 | Lair:1   | Killed a six-headed hydra
 17733 | Lair:2   | Found a frozen archway.
 17789 | IceCv    | Entered an ice cave
 17867 | IceCv    | Noticed grandjackal's ghost (journeyman CeFi)
 17878 | Lair:2   | Gained mutation: You are frail. (-10% HP) [potion of mutation]
 17878 | Lair:2   | Gained mutation: You are agile. (Dex +2) [potion of mutation]
 18589 | Lair:2   | Found a staircase to the Swamp.
 19088 | Lair:2   | Noticed a five-headed hydra
 19109 | Lair:2   | Killed a five-headed hydra
 19113 | Lair:2   | Reached XP level 12. HP: 74/90 MP: 5/15
 19194 | Lair:1   | Offered knowledge of Searing Ray by Vehumet.
 19194 | Lair:1   | Reached skill level 12 in Fire Magic
 20079 | Lair:2   | Found a hole to the Spider Nest.
 22009 | Lair:3   | Reached *** piety under Vehumet
 22997 | Lair:4   | Slain by a spiny frog

Vault maps used:
D:1:      sevenhm_arrival_forest_fort_large_1, grunt_decor_resistance
D:2:      tgw_fedhas, cheibriados_altar_1, serial_forest,
          infiniplex_forest_end_1, infiniplex_forest_zigzag_1,
          infiniplex_forest_corner_1, infiniplex_forest_lined_room_2,
          first_bread, minmay_tree_intersection
D:3:      minmay_goblin_kobold_castle, ashenzari_altar_1,
          minmay_misc_feat_more_columns, kennysheep_generic_room_9
D:5:      minmay_temple_entry_large_hall, serial_shops, shop,
          minmay_misc_feat_tiny, uniq_prince_ribbit1
D:6:      lemuel_flamethrower_1, uniq_pikel, uniq_menkaure
D:7:      kennysheep_mini_moat
D:9:      gammafunk_temple_overflow_wave
D:10:     david_lair_generic
Temple:   eino_temple_rhombus
Lair:1:   serial_bayou_shore_a, lemuel_fruit_fields,
          infiniplex_staircase_pool_2, uniq_harold
Lair:2:   swamp_mist_pool, nicolae_spider_entry_tight_spaces,
          portal_ice_cave_entry_ice_beasts
Lair:3:   serial_bayou_lagoon_b, grunt_megastairs_5, serial_bayou_shore_b
Lair:4:   minivault_26, beast_lair_carwin_9, minmay_lair_oklob_chamber
IceCv:    ice_cave_tombish

Skill      XL: |  1  2  3  4  5  6  7  8  9 10 11 12 |
---------------+-------------------------------------+-----
Conjurations   | 2 3 4 5 6 8 9 10 11 | 11.3
Fire Magic     | 4 5 6 8 9 10 11 12 | 12.5
Dodging        | 2 4 5 6 7 |  7.7
Fighting       | 2 4 6 7 8 |  8.0
Long Blades    | 1 3 5 7 |  7.3
Spellcasting   | 3 |  3.5
Stealth        | |  1.7

Action                   |  1- 3 |  4- 6 |  7- 9 | 10-12 || total
-------------------------+-------+-------+-------+-------++-------
Melee: Dagger            |    17 |   132 |    77 |       ||   226
       Tailslap          |     1 |    12 |    29 |    41 ||    83
       Falchion          |       |       |    54 |       ||    54
       Whip              |       |       |   127 |   145 ||   272
       Great sword       |       |       |       |    14 ||    14
       Mace              |       |       |       |   143 ||   143
 Cast: Flame Tongue      |    73 |   109 |   107 |    19 ||   308
       Sticky Flame      |       |     1 |    23 |    91 ||   115
       Magic Dart        |       |       |       |    50 ||    50
       Conjure Flame     |       |       |       |     4 ||     4
       Fireball          |       |       |       |     2 ||     2
 Abil: Breathe Steam     |       |       |     4 |     5 ||     9
  Use: Potion            |     5 |     2 |     3 |     6 ||    16
       Scroll            |     4 |     2 |       |     9 ||    15
 Stab: Invisible         |       |     4 |       |       ||     4
       Sleeping          |       |       |     2 |     2 ||     4
  Eat: Chunk             |     4 |     9 |    24 |    40 ||    77
       Fruit             |       |       |     3 |    16 ||    19
       Royal jelly       |       |       |       |     4 ||     4
Armor: Skin              |    19 |    35 |   136 |   127 ||   317
Dodge: Dodged            |    31 |   107 |   249 |   352 ||   739
Block: Other             |       |       |       |    10 ||    10
       Rpst.: Falchion   |       |       |    17 |       ||    17
       Great sword       |       |       |       |     8 ||     8

Table legend:
 A = Spawn XP
 B = Non-spawn XP
 C = Spawn XP percentage of total XP
 D = Spawn monster count
 E = Non-spawn monster count
 F = Spawn count percentage of total count
 G = Total turns spent on level
                    A         B        C        D         E        F      G
               +---------+---------+-------+---------+---------+-------+---------
         Total |       0 |   29550 |   0.0 |       0 |     354 |   0.0 | 22997
               +---------+---------+-------+---------+---------+-------+---------
           D:1 |       0 |      24 |   0.0 |       0 |      11 |   0.0 |   996
           D:2 |       0 |     182 |   0.0 |       0 |      23 |   0.0 |  1867
           D:3 |       0 |     735 |   0.0 |       0 |      85 |   0.0 |  1966
           D:4 |       0 |     211 |   0.0 |       0 |      14 |   0.0 |   614
           D:5 |       0 |    1305 |   0.0 |       0 |      34 |   0.0 |  1749
           D:6 |       0 |    1651 |   0.0 |       0 |      26 |   0.0 |  1048
           D:7 |       0 |     382 |   0.0 |       0 |      10 |   0.0 |  1847
           D:8 |       0 |    2857 |   0.0 |       0 |      23 |   0.0 |  2212
           D:9 |       0 |    2603 |   0.0 |       0 |      37 |   0.0 |  1806
          D:10 |       0 |     751 |   0.0 |       0 |      11 |   0.0 |  1227
        Lair:1 |       0 |    6924 |   0.0 |       0 |      23 |   0.0 |  2596
        Lair:2 |       0 |    7724 |   0.0 |       0 |      33 |   0.0 |  3149
        Lair:3 |       0 |    1990 |   0.0 |       0 |      14 |   0.0 |  1209
        Lair:4 |       0 |    1860 |   0.0 |       0 |       9 |   0.0 |   468
         IceCv |       0 |     351 |   0.0 |       0 |       1 |   0.0 |    87
               +---------+---------+-------+---------+---------+-------+---------
